 Dungeon Crawl Stone Soup version 0.31-a0-1-g4198be8af4 (webtiles) character file.

Game seed: 2137719006999141539

1502 NateTC the Slasher (level 8, -4/65 HPs)
             Began as a Demonspawn Berserker on May 1, 2023.
             Was a Believer of Trog (penitent).
             Slain by a polar bear (12 damage)
             ... created by the rage of Trog
             ... on level 5 of the Dungeon.
             The game lasted 00:17:58 (3869 turns).

NateTC the Slasher (Demonspawn Berserker)           Turns: 3869, Time: 00:17:59

Health: -4/65      AC: 16    Str: 20    XL:     8   Next: 52%
Magic:  0/8        EV:  6    Int:  9    God:    Trog [**....]
Gold:   275        SH: 14    Dex: 18    Spells: 6/7 levels left

rFire   + . .        h - +0 long sword (spect)
rCold   + . .        t - +0 tower shield
rNeg    . . .        f - +0 chain mail
rPois   .            l - +0 helmet
rElec   .            r - scarf {rC+ rF+}
rCorr   .            q - +0 pair of gloves
SInv    .            o - +0 pair of boots
Will    .....        (no amulet) Stlth
                     d - +6 ring of dexterity
HPRegen 0.30/turn    n - +4 ring of protection
MPRegen 0.22/turn

%: guardian spirit
@: about to teleport, hasted, very quick
A: hooves 1, foul stench 1, magic shield, magic regeneration, sturdy frame 1
a: Renounce Religion


You were on level 5 of the Dungeon.
You worshipped Trog.
Trog was demanding penance.
You visited 1 branch of the dungeon, and saw 6 of its levels.

You collected 275 gold pieces.

Inventory:

Hand Weapons
 h - a +0 spectral long sword (weapon)
Armour
 e - a +0 cloak
 f - a +0 chain mail (worn)
 g - a +2 buckler
 l - a +0 helmet (worn)
 o - a +0 pair of boots (worn)
 q - a +0 pair of gloves (worn)
 r - a scarf of resistance (worn)
 t - a +0 tower shield (worn)
Jewellery
 d - a +6 ring of dexterity (left hand)
 n - a +4 ring of protection (right hand)
Wands
 i - a wand of roots (6)
Scrolls
 a - 5 scrolls of teleportation
 c - 3 scrolls of noise
Potions
 j - 2 potions of lignification
 k - a potion of curing
 m - 2 potions of attraction
 p - 2 potions of ambrosia
 u - a potion of brilliance {unknown}


   Skills:
 - Level 6.7 Fighting
 * Level 7.0 Long Blades
 * Level 2.1 Armour
 - Level 1.7 Dodging
 + Level 4.3 Shields


You had 6 spell levels left.
You knew the following spells:

 Your Spells              Type           Power      Damage    Failure   Level
a - Freeze                Ice            0%         1d3       100%        1

Your spell library contained the following spells:

 Spells                   Type           Power      Damage    Failure   Level
 Frozen Ramparts          Ice            0%         1d1       100%        3
 Hailstorm                Conj/Ice       0%         3d3       100%        3


Dungeon Overview and Level Annotations

Branches:
Dungeon (6/15) Zot: 26540
 Temple: D:4-7

Altars:
Fedhas
Hepliaklqana
Okawaru
Sif Muna
Vehumet

Shops:
D:1 [


Innate Abilities, Weirdness & Mutations

You have large cloven feet.
You may rarely emit foul miasma when damaged in melee.
When hurt, damage is shared between your health and your magic reserves.
You regenerate magic rapidly.
Your movements are slightly less encumbered by armour. (ER -2)


Message History

As you read the scroll of blinking, it crumbles to dust.
You hear an angry growl. x3
You hear an angry growl.
You hear an angry growl.
You feel yourself speed up. The polar bear barely misses you.
The polar bear claws you but does no damage.
You block the polar bear's attack.
You hear an angry growl.
You hear an angry growl.
The polar bear rages. x2
The polar bear attacks as you move away!
You block the polar bear's attack. x2
The polar bear claws you but does no damage.
The polar bear rages.
The polar bear rages.
The polar bear rages. x2
You hear an angry growl.
You hear an angry growl. x2
A phantom comes into view.
The polar bear rages.
You hear an angry growl.
The polar bear rages.
The polar bear rages. x2
There is an escape hatch in the ceiling here.
The polar bear barely misses you. You block the polar bear's attack. x2
A mysterious force pulls you upwards. The hatch slams shut behind you.
The polar bear rages.
As you read the scroll of teleportation, it crumbles to dust.
You feel strangely unstable. The polar bear bites you.
* * * LOW HITPOINT WARNING * * *
You block the polar bear's attack. x2
The polar bear attacks as you move away!
The polar bear bites you!
* * * LOW HITPOINT WARNING * * *
You block the polar bear's attack.
The polar bear claws you but does no damage.
You feel better.
The sentinel's mark upon you fades away.
The polar bear bites you!
You die...

#..#.###........... #..#.#
#.......##.# #.#..#
#.......##.# #.#.##
##########.# #.#.# #...# #.#
##...####...######.#
#...........#..[^...
###########....####...#.......
#...##.......@h...............
#..........#.#..####.##.......
#...########.#...# #.##.......
##### #...#.# #..########
###..##.# ##.########
#.......# #.#....... #.......#
#...###### #.......# #.###
#.......# ###


You could see a polar bear (berserk).

Vanquished Creatures
  Pikel (D:6)
  A water moccasin (D:6)
  Duvessa (D:6)
  A black bear (D:6)
  A centaur (D:6)
  A bullfrog (D:6)
  4 scorpions
  Dowan (D:6)
  A hound (D:5)
  A jelly (D:6)
  Crazy Yiuf (D:2)
  A sleepcap (D:5)
  An iguana (D:4)
  3 gnolls (D:6)
  9 adders
  A white imp (D:6)
  3 dart slugs
  An orc (D:3)
  5 ball pythons
  4 endoplasms
  4 giant cockroaches
  9 goblins
  8 hobgoblins
  7 kobolds
  5 quokkas
  7 bats
  A frilled lizard (D:2)
  9 rats
92 creatures vanquished.

Notes
Turn   | Place    | Note
-------+----------+-------------------------------------------
     0 | D:1      | NateTC the Demonspawn Berserker began the quest for the
                  | Orb.
     0 | D:1      | Reached XP level 1. HP: 18/18 MP: 1/1
    54 | D:1      | Reached skill level 3 in Long Blades
   178 | D:1      | Gained mutation: You have large cloven feet. [demonic
                  | ancestry]
   178 | D:1      | Reached XP level 2. HP: 24/24 MP: 2/2
   286 | D:1      | Reached skill level 1 in Shields
   336 | D:1      | Reached ** piety under Trog
   391 | D:1      | Found Mere's Antique Armour Shoppe.
   716 | D:2      | Gained mutation: You regenerate magic rapidly. [demonic
                  | ancestry]
   716 | D:2      | Reached XP level 3. HP: 27/29 MP: 3/3
   950 | D:2      | Found a runed translucent door.
   951 | D:2      | Noticed Crazy Yiuf
   962 | D:2      | Killed Crazy Yiuf
   963 | D:2      | Gained mutation: You may rarely emit foul miasma when
                  | damaged in melee. [demonic ancestry]
   963 | D:2      | Reached XP level 4. HP: 37/37 MP: 4/4
  1011 | D:2      | Found a faded altar of an unknown god.
  1986 | D:3      | Found a radiant altar of Vehumet.
  2219 | D:4      | Gained mutation: When hurt, damage is shared between your
                  | health and your magic reserves. [demonic ancestry]
  2219 | D:4      | Reached XP level 5. HP: 42/42 MP: 5/5
  2269 | D:4      | You fall into a shaft and drop 1 floor!
  2269 | D:5      | Entered Level 5 of the Dungeon
  2450 | D:4      | Gained mutation: Your movements are slightly less
                  | encumbered by armour. (ER -2) [demonic ancestry]
  2450 | D:4      | Reached XP level 6. HP: 20/49 MP: 6/6
  2811 | D:4      | Found an iron altar of Okawaru.
  2980 | D:4      | Found a shimmering blue altar of Sif Muna.
  3425 | D:6      | Noticed Pikel
  3425 | D:6      | Found a blossoming altar of Fedhas.
  3434 | D:6      | Killed Pikel
  3435 | D:6      | Reached skill level 5 in Fighting
  3435 | D:6      | Reached skill level 5 in Long Blades
  3435 | D:6      | Reached XP level 7. HP: 57/57 MP: 7/7
  3446 | D:6      | Reached *** piety under Trog
  3449 | D:6      | Reached skill level 6 in Long Blades
  3449 | D:6      | Reached XP level 8. HP: 63/64 MP: 8/8
  3498 | D:6      | Was placed under penance by Trog
  3500 | D:6      | Learned a level 1 spell: Freeze
  3591 | D:6      | Noticed Dowan
  3592 | D:6      | Noticed Duvessa
  3603 | D:6      | Killed Duvessa
  3612 | D:6      | Killed Dowan
  3717 | D:6      | Reached skill level 7 in Long Blades
  3776 | D:6      | Found a hazy altar of Hepliaklqana.
  3829 | D:6      | Noticed a polar bear
  3829 | D:6      | Noticed a polar bear
  3829 | D:6      | Noticed a polar bear
  3829 | D:6      | Noticed a polar bear
  3868 | D:5      | HP: 1/65 [polar bear[the rage of Trog] (12)]
  3869 | D:5      | Slain by a polar bear

Illustrated notes

Levels and vault maps discovered:
D:1:      minmay_arrival_hallway, layout_basic, serial_shops, shop,
          corexii_item_surrounded_by_moat
D:2:      layout_rooms, shapermc_ecumenical_altar_venn,
          minmay_shallow_snake_nest, uniq_crazy_yiuf_cottage
D:3:      layout_basic, mainiacjoe_overflow_six_doors_small
D:4:      layout_loops_ring, led_sif_book, okawaru_gym_becter
D:5:      layout_rooms
D:6:      layout_rooms, overflow_temple_1_default, pf_just_have_faith,
          worldfamousw_hep_ancestral_shrine, minmay_temple_entry_nine_rooms,
          mrwooster_statue_mirror, uniq_pikel, uniq_duvessa

Skill      XL: |  1  2  3  4  5  6  7  8 |
---------------+-------------------------+-----
Long Blades    | 3 5 6 7 |  7.0
Shields        | 1 2 3 4 |  4.3
Fighting       | 4 5 6 |  6.7
Armour         | 2 |  2.1
Dodging        | |  1.7

Action                     |  1- 3 |  4- 6 |  7- 9 || total
---------------------------+-------+-------+-------++-------
  Melee: Falchion          |    34 |       |       ||    34
         Long sword        |    52 |   160 |    53 ||   265
         Kick              |    15 |    12 |       ||    27
 Invoke: Berserk           |     1 |     1 |       ||     2
    Use: Scroll            |     7 |     7 |     2 ||    16
         Potion            |       |       |     2 ||     2
   Stab: Distracted        |       |       |     1 ||     1
 Armour: Animal skin       |     5 |       |       ||     5
         Chain mail        |    28 |    75 |    70 ||   173
  Dodge: Dodged            |    28 |    62 |    28 ||   118
  Block: Buckler           |    23 |    58 |     9 ||    90
         Tower shield      |       |       |    69 ||    69

Table legend: (Time is in decaauts)
 A = Elapsed time spent in this place.
 B = Non-inter-level travel time spent in this place.
 C = Inter-level travel time spent in this place.
 D = Time resting spent in this place.
 E = Time spent auto-exploring this place.
 F = Levels seen in this place.
 G = Mean time per level.
                   A        B        C        D        E       F      G
               +--------+--------+--------+--------+--------+-----+--------+
         Total |   3952 |   3859 |     93 |    330 |   1249 |   6 |  658.7 |
       Dungeon |   3952 |   3859 |     93 |    330 |   1249 |   6 |  658.7 |
               +--------+--------+--------+--------+--------+-----+--------+

Top non-repeatable levels by time:
     D:3: 854 daAuts
     D:4: 850 daAuts
     D:2: 704 daAuts
     D:1: 666 daAuts
     D:6: 456 daAuts
     D:5: 419 daAuts
